 Dungeon Crawl Stone Soup version 0.31.0-11-ge490571c62 (webtiles) character file.

Game seed: 9796943667396108174

1594 nightchill the Fighter (level 8, -7/75 HPs)
             Began as a Minotaur Fighter on Jan 27, 2024.
             Was a Priest of Uskayaw.
             Mangled by Duvessa
             ... wielding a +3 short sword of holy wrath
              (9 damage)
             ... on level 5 of the Dungeon.
             The game lasted 00:09:26 (3812 turns).

nightchill the Fighter (Minotaur Fighter)           Turns: 3812, Time: 00:09:27

Health: -7/75      AC: 14    Str: 22    XL:     8   Next: 62%
Magic:  3/7        EV:  8    Int:  5    God:    Uskayaw [***...]
Gold:   260        SH:  4    Dex: 11    Spells: 7/7 levels left

rFire   + . .        t - +3 Elemental Staff {ele, rElec rF+ rC+ AC+3}
rCold   + . .        c - +0 buckler
rNeg    . . .        d - +0 chain mail
rPois   .            (helmet restricted)
rElec   +            (no cloak)
rCorr   .            l - +0 pair of gloves
SInv    .            h - +0 pair of boots
Will    +....        (no amulet) Stlth
                     g - ring of wizardry
HPRegen 0.32/turn    (no ring)
MPRegen 0.10/turn

%: wizardry (x1)
@: enlightened, flying
A: horns 2, retaliatory headbutt
a: Renounce Religion, Stomp, Line Pass


You were on level 5 of the Dungeon.
You worshipped Uskayaw.
Uskayaw was noncommittal.
You visited 1 branch of the dungeon, and saw 5 of its levels.
You also visited: Sewer.

You collected 260 gold pieces.

Inventory:

Hand Weapons
 a - a +0 war axe
 t - the +3 Elemental Staff (weapon) {ele, rElec rF+ rC+ AC+3}
   (You found it on level 3 of the Dungeon)

   AC+3:      It affects your AC (+3).
   rF+:       It protects you from fire.
   rC+:       It protects you from cold.
   rElec:     It insulates you from electricity.
Missiles
 i - 2 throwing nets (quivered)
Armour
 b - a +0 scale mail
 c - a +0 buckler (worn)
 d - a +0 chain mail (worn)
 h - a +0 pair of boots (worn)
 l - a +0 pair of gloves (worn)
 u - a +0 pair of boots
Jewellery
 g - a ring of wizardry (left hand)
 y - an amulet of guardian spirit
Wands
 x - a wand of mindburst (4)
Scrolls
 e - 4 scrolls of fear
 f - a scroll of blinking {unknown}
 j - a scroll of fog {unknown}
 k - 2 scrolls of vulnerability {unknown}
 m - 5 scrolls of identify {unknown}
 o - a scroll of poison {unknown}
 q - a scroll of teleportation {unknown}
 s - a scroll of acquirement {unknown}
 w - a scroll of noise {unknown}
Potions
 n - 2 potions of invisibility {unknown}
 p - 2 potions of resistance {unknown}
 r - a potion of enlightenment
 v - a potion of ambrosia {unknown}
 z - a potion of heal wounds {unknown}


   Skills:
 + Level 8.4 Fighting
 - Level 6.7 Axes
 * Level 8.4 Staves
 - Level 3.6 Armour
 - Level 3.6 Shields


You had 7 spell levels left.
You didn't know any spells.
Your spell library contained the following spells:

 Spells                   Type           Power      Damage    Failure   Level
 Sublimation of Blood     Necr           0%         N/A       91%         2
 Petrify                  Alch/Erth      0%         N/A       100%        4
 Irradiate                Conj/Alch      0%         3d11      100%        5


Dungeon Overview and Level Annotations

Branches:
Dungeon (5/15)              Sewer (visited)
 Temple: D:4-7

Altars:
Fedhas
Okawaru
Uskayaw
The Shining One

Annotations:
D:2 1 runed translucent door, Crazy Yiuf
D:4 exclusion: downstairs
D:5 Duvessa


Innate Abilities, Weirdness & Mutations

You have a pair of horns on your head.
You reflexively headbutt those who attack you in melee.


Message History

You can no longer merge with and destroy a victim.
You barely miss Duvessa.
You feel sick.
You are no longer poisoned.
Duvessa hits you with a +3 short sword of holy wrath!
* * * LOW HITPOINT WARNING * * *
You hit Duvessa but do no damage.
Duvessa hits you with a +3 short sword of holy wrath.
* * * LOW HITPOINT WARNING * * *
Duvessa hits you with a +3 short sword of holy wrath.
* * * LOW HITPOINT WARNING * * *
Aiming: Line Pass
Press: ? - help, Dir - move target Duvessa appears confused.
You block Duvessa's attack.
You sock Duvessa! Your headbutt misses Duvessa.
Duvessa is lightly wounded.
You strike the helpless Duvessa from behind!
You hit Duvessa but do no damage. You headbutt Duvessa, but do no damage.
Duvessa is lightly wounded.
Duvessa hits you with a +3 short sword of holy wrath!
* * * LOW HITPOINT WARNING * * *
You strike the helpless Duvessa from behind!
You sock Duvessa! You headbutt Duvessa!
Duvessa is moderately wounded.
Duvessa seems less confused.
Duvessa hits you but does no damage.
Uskayaw will force your foes to helplessly watch your dance.
You sock Duvessa! You headbutt Duvessa.
Duvessa is heavily wounded.
Duvessa hits you but does no damage.
You barely miss Duvessa.
Duvessa is heavily wounded.
Duvessa hits you with a +3 short sword of holy wrath!
* * * LOW HITPOINT WARNING * * *
It was a potion of enlightenment.
You feel very buoyant.
You fly up into the air.
The hound barks!
Duvessa hits you with a +3 short sword of holy wrath.
* * * LOW HITPOINT WARNING * * *
Duvessa hits you with a +3 short sword of holy wrath!
You die...

....... ...
.....§.#....#
###### #.#
.......#[.o<.
############.#
####^####.....
.............##
..............
###########...#
.#######.#...# #
#...#
##.#............
# #...# ##.[..#
##....... #
#...###†###..#
#.##.##. #
#...#.@)### ....
#. . #
#...!.e...#.. #
# #.............
##...!.....#.#
#.......)#....
#....h..###..
..#.....$.# .##
###.......... #
##.##.......


You could see Duvessa (berserk) and a hound.

Vanquished Creatures
  Pikel (D:5)
  Sigmund (D:2)
  Menkaure (D:4)
  A water moccasin (D:5)
  Pargi (Sewer)
  A black bear (D:4)
  A brain worm (Sewer)
  Dowan (D:5)
  2 howler monkeys
  A hound (D:5)
  An orc priest (D:4)
  Terence (D:3)
  An orc wizard (D:4)
  Natasha (thrice) (D:3)
  An iguana (D:5)
  4 adders
  A river rat (D:4)
  A white imp (D:5)
  4 dart slugs
  A ribbon worm (D:4)
  13 orcs
  4 ball pythons
  11 endoplasms
  5 giant cockroaches
  6 goblins
  6 hobgoblins
  10 jackals
  7 quokkas
  11 bats
  2 frilled lizards
  8 kobolds
  6 rats
118 creatures vanquished.

Notes
Turn   | Place    | Note
-------+----------+-------------------------------------------
     0 | D:1      | nightchill the Minotaur Fighter began the quest for the
                  | Orb.
     0 | D:1      | Reached XP level 1. HP: 19/19 MP: 0/0
   269 | D:1      | Reached XP level 2. HP: 26/27 MP: 1/1
   594 | D:1      | Reached XP level 3. HP: 32/33 MP: 2/2
  1094 | D:2      | Noticed Sigmund
  1108 | D:2      | Killed Sigmund
  1109 | D:2      | Reached skill level 5 in Fighting
  1109 | D:2      | Reached skill level 5 in Axes
  1109 | D:2      | Reached XP level 4. HP: 29/42 MP: 3/3
  1109 | D:2      | Reached XP level 5. HP: 33/48 MP: 4/4
  1315 | D:2      | Found a runed translucent door.
  1315 | D:2      | Identified the +3 hammer of Overwhelming Force {freeze,
                  | *Slow Str+6 SInv}
  1316 | D:2      | Noticed Crazy Yiuf
  1445 | D:2      | Found a faded altar of an unknown god.
  1450 | D:2      | Prayed at the altar of an unknown god.
  1450 | D:2      | Became a worshipper of Uskayaw the Reveller
  1450 | D:2      | Reached * piety under Uskayaw
  1547 | D:2      | Reached ** piety under Uskayaw
  1818 | D:3      | Noticed Natasha
  1829 | D:3      | Killed Natasha
  1878 | D:3      | Reached XP level 6. HP: 56/56 MP: 5/5
  1977 | D:3      | Noticed Terence
  1988 | D:3      | Killed Terence
  2134 | D:3      | Reached *** piety under Uskayaw
  2194 | D:3      | Found the +3 Elemental Staff {ele, rElec rF+ rC+ AC+3}
  2464 | D:3      | Noticed Natasha
  2471 | D:3      | Killed Natasha
  2495 | D:3      | Noticed Natasha
  2506 | D:3      | Killed Natasha
  2507 | D:3      | Reached skill level 1 in Staves
  2674 | D:4      | Found a glowing drain.
  2693 | D:4      | Reached **** piety under Uskayaw
  2753 | Sewer    | Entered a sewer
  2778 | Sewer    | Reached XP level 7. HP: 34/64 MP: 1/6
  2879 | Sewer    | Noticed Pargi
  2899 | Sewer    | Killed Pargi
  2986 | D:4      | Found an iron altar of Okawaru.
  3155 | D:4      | Noticed Menkaure
  3163 | D:4      | Killed Menkaure
  3228 | D:4      | Found a hide-covered altar of Uskayaw.
  3333 | D:4      | Reached skill level 5 in Staves
  3462 | D:5      | Entered Level 5 of the Dungeon
  3466 | D:5      | Found a glowing golden altar of the Shining One.
  3467 | D:5      | Noticed Pikel
  3477 | D:5      | Killed Pikel
  3478 | D:5      | Reached XP level 8. HP: 41/74 MP: 7/7
  3646 | D:5      | Found a blossoming altar of Fedhas.
  3774 | D:5      | Noticed Dowan
  3790 | D:5      | Killed Dowan
  3790 | D:5      | Noticed Duvessa
  3793 | D:5      | Reached ***** piety under Uskayaw
  3812 | D:5      | HP: 2/75 [Duvessa/+3 short sword of holy wrath (3)]
  3812 | D:5      | Mangled by Duvessa

Illustrated notes

Levels and vault maps discovered:
D:1:      wheals_arrival_linesprint, layout_basic
D:2:      layout_basic, shapermc_ecumenical_altar_petra,
          uniq_crazy_yiuf_cottage, uniq_sigmund
D:3:      layout_loops_ring, hangedman_decor_riveting,
          minmay_misc_feat_nine_boxes, minmay_cut_off, uniq_terence,
          uniq_natasha
D:4:      kennysheep_big_flooded_room, layout_basic,
          mainiacjoe_overflow_six_doors_small, lemuel_crystal_altar,
          portal_sewer_entry_a, uniq_menkaure
D:5:      layout_loops_ring, lemuel_tele_altar, fedhas_altar_1, serial_shops,
          kennysheep_mini_moat, uniq_duvessa, uniq_prince_ribbit1, uniq_pikel,
          uniq_eustachio

Skill      XL: |  1  2  3  4  5  6  7  8 |
---------------+-------------------------+-----
Axes           | 3 5 6 |  6.7
Fighting       | 4 5 6 7 8 |  8.4
Staves         | 3 7 8 |  8.4
Armour         | |  3.6
Shields        | |  3.6

Action                     |  1- 3 |  4- 6 |  7- 9 || total
---------------------------+-------+-------+-------++-------
  Melee: War axe           |    60 |    81 |       ||   141
         Headbutt          |     5 |    23 |    19 ||    47
         Staff             |       |    74 |   111 ||   185
 Invoke: Line Pass         |       |       |     1 ||     1
    Use: Potion            |     2 |       |     3 ||     5
         Scroll            |       |       |     1 ||     1
   Stab: Paralysed         |       |     1 |     4 ||     5
         Confused          |       |       |     2 ||     2
 Armour: Scale mail        |    40 |   120 |    91 ||   251
         Chain mail        |       |       |    34 ||    34
  Dodge: Dodged            |    34 |    66 |    61 ||   161
  Block: Buckler           |    12 |    33 |    26 ||    71
